 Dungeon Crawl Stone Soup version 0.31.0-11-ge490571c62 (webtiles) character file.

Game seed: 2744956365085677431

108 Gadfly the Insei (level 4, -8/35 HPs)
             Began as a Demonspawn Monk on Feb 2, 2024.
             Was a Follower of Ru.
             Killed by nerve-wracking pain
             ... invoked by a shadow imp
              (10 damage)
             ... on level 3 of the Dungeon.
             The game lasted 00:02:59 (1920 turns).

Gadfly the Insei (Demonspawn Monk)                  Turns: 1920, Time: 00:03:00

Health: -8/35      AC:  3    Str: 13    XL:     4   Next: 58%
Magic:  4/4        EV: 13    Int: 11    God:    Ru [*.....]
Gold:   196        SH:  0    Dex: 15    Spells: 3/3 levels left

rFire   . .          .
                       - Unarmed
rCold   . . .        c - orb {light}
rNeg    . . .        a - +1 robe
rPois   .            (helmet restricted)
rElec   .            (no cloak)
rCorr   .            (no gloves)
SInv    .            (no boots)
Will    +....        e - amulet of regeneration
Stlth   +            (no ring)
HPRegen 1.05/turn    (no ring)
MPRegen 0.09/turn

%: no passive effects
@: enlightened, flying, glowing
A: antennae 1, claws 1, hooves 1, no earth magic, no necromancy magic, no
alchemy magic
a: Renounce Religion


You were on level 3 of the Dungeon.
You worshipped Ru.
Ru was aware of your devotion.
You visited 1 branch of the dungeon, and saw 3 of its levels.

You collected 196 gold pieces.

Inventory:

Armour
 a - a +1 robe (worn)
 c - an orb of light (worn)
Jewellery
 e - an amulet of regeneration (around neck)
Talismans
 b - a blade talisman
Wands
 g - a wand of charming (6)
Scrolls
 f - a scroll of teleportation
Potions
 d - a potion of enlightenment
 h - 2 potions of degeneration {unknown}
 i - a potion of curing {unknown}


   Skills:
 - Level 3.0 Fighting
 + Level 3.1 Dodging
 * Level 3.5 Unarmed Combat
 * Level 2.0 Evocations
 * Level 1.6 Shapeshifting


You had 3 spell levels left.
You didn't know any spells.
Your spell library was empty.

Dungeon Overview and Level Annotations

Branches:
Dungeon (3/15)

Altars:
Okawaru
Ru
Vehumet

Annotations:
D:3 1 transporter


Innate Abilities, Weirdness & Mutations

You have a pair of small antennae on your head.
You have sharp fingernails.
You have large cloven feet.
You cannot study or cast Earth magic.
You cannot study or cast Necromancy magic.
You cannot study or cast Alchemy magic.


Message History

The orc priest is healed somewhat.
The shadow imp closely misses you.
The orc priest calls down the wrath of Beogh upon you.
You resist with some effort.
You scratch the orc priest.
The orc priest is lightly wounded.
The shadow imp barely misses you.
The orc priest hits you with a +0 hand axe.
You claw the orc priest!
The orc priest is severely wounded.
The shadow imp begins to attack, but is stunned by your conviction!
The shadow imp misses you. The orc priest barely misses you.
You scratch the orc priest but do no damage.
The orc priest is severely wounded.
The shadow imp closely misses you. The orc priest barely misses you.
You barely miss the orc priest.
The orc priest is severely wounded.
You scratch the orc priest but do no damage.
The orc priest is severely wounded.
The orc priest calls upon Beogh to heal the orc priest.
The orc priest is healed somewhat.
The shadow imp barely misses you.
The orc priest calls down the wrath of Beogh upon you.
Pain shoots through your body!
You scratch the orc priest.
The orc priest is heavily wounded.
The orc priest calls down the wrath of Beogh upon you.
Beogh smites you! The shadow imp closely misses you.
The orc priest begins to cast a cantrip, but forgets the words!
You completely miss the orc priest. You kick the orc priest.
The orc priest is severely wounded.
The shadow imp closely misses you.
The orc priest calls down the wrath of Beogh upon you.
Pain shoots through your body!
You claw the orc priest!
You kill the orc priest!
The orc priest mumbles some strange prayers to Beogh against you.
Beogh smites you!
* * * LOW HITPOINT WARNING * * *
The shadow imp gestures at you. Pain shoots through your body!
You die...

.....# ##.#8P$©$P8#..##......
.....# ##..#~..?..~#..##......
####.# ##...####+####..##......
#.# #....#.≈...≈.#..######## #.##
#....#.≈...≈.#..# # #..#
#....#.≈~~~≈.#..# # #####.#
##<..#.≈~⌠~≈.#..# # ......#
##>.#.≈~~~≈.#..###### # ####..#
##.#5@...≈o#.#.....### ...#..#
#.#)≈...≈5#...(...... ...#..####
#.####'####.......<..
_..#.....####.#P.....P#.#.....###
...#..........#8P.©.P8#.#.....# #
...#...÷..###.#########.#....##
'###.....## #.....©.!...#....#
.........# #####............♣♣
.........# ##...##.......♣♣


You could see an orc priest and 2 shadow imps.

Vanquished Creatures
  An orc priest (D:3)
  A statue (D:3)
  3 adders
  A dart slug (D:1)
  3 ribbon worms
  6 endoplasms
  3 giant cockroaches
  5 hobgoblins
  4 kobolds
  2 quokkas (D:2)
  A ball python (D:2)
  6 bats
  3 frilled lizards
  5 goblins
  3 rats
47 creatures vanquished.

Notes
Turn   | Place    | Note
-------+----------+-------------------------------------------
     0 | D:1      | Gadfly the Demonspawn Monk began the quest for the Orb.
     0 | D:1      | Reached XP level 1. HP: 18/18 MP: 1/1
   276 | D:1      | Discovered your monstrous ancestry.
   276 | D:1      | Gained mutation: You have sharp fingernails. [demonic
                  | ancestry]
   276 | D:1      | Reached XP level 2. HP: 24/24 MP: 2/2
   828 | D:2      | Reached skill level 1 in Evocations
   857 | D:2      | Reached skill level 1 in Shapeshifting
   877 | D:2      | Gained mutation: You have large cloven feet. [demonic
                  | ancestry]
   877 | D:2      | Reached XP level 3. HP: 29/29 MP: 3/3
  1311 | D:3      | Found a faded altar of an unknown god.
  1368 | D:3      | Found a transporter.
  1424 | D:3      | Gained mutation: You have a pair of small antennae on your
                  | head. [demonic ancestry]
  1424 | D:3      | Reached XP level 4. HP: 35/35 MP: 4/4
  1470 | D:3      | Found a sacrificial altar of Ru.
  1499 | D:3      | Found a radiant altar of Vehumet.
  1499 | D:3      | Noticed a charred statue
  1517 | D:3      | Became a worshipper of Ru the Awakened
  1535 | D:3      | Gained mutation: You cannot study or cast Earth magic. [Ru
                  | sacrifice]
  1535 | D:3      | Gained mutation: You cannot study or cast Alchemy magic.
                  | [Ru sacrifice]
  1535 | D:3      | Gained mutation: You cannot study or cast Necromancy magic.
                  | [Ru sacrifice]
  1535 | D:3      | Reached * piety under Ru
  1545 | D:3      | Found a transporter.
  1589 | D:3      | Found an iron altar of Okawaru.
  1828 | D:3      | Killed a charred statue
  1920 | D:3      | Killed from afar by a shadow imp

Illustrated notes

Levels and vault maps discovered:
D:1:      tarquinn_simple_flora_water_a, layout_loops_cross, st_stairs_13
D:2:      layout_basic, chequers_serial_rivers_micro_a
D:3:      gammafunk_wand_slinger, layout_rooms, lemuel_crystal_altar,
          amcnicky_altar_gilded, elyvilon_altar_3, vehumet_statue,
          shapermc_ecumenical_altar_mp_ritualfount

Skill      XL: |  1  2  3  4 |
---------------+-------------+-----
Unarmed Combat | 3 |  3.5
Evocations     | 1 2 |  2.0
Shapeshifting  | 1 |  1.6
Dodging        | 3 |  3.1
Fighting       | |  3.0

Action                     |  1- 3 |  4- 6 || total
---------------------------+-------+-------++-------
  Melee: Unarmed           |   107 |    41 ||   148
         Kick              |    24 |    14 ||    38
 Invoke: Sacrifice Arcana  |       |     1 ||     1
    Use: Scroll            |     4 |     2 ||     6
         Potion            |     1 |     1 ||     2
 Armour: Robe              |    53 |    14 ||    67
  Dodge: Dodged            |    86 |    31 ||   117
